 Dungeon Crawl Stone Soup version 0.25-a0-302-g9f758675c1 (webtiles) character file.

Game seed: 16020692401971431798, levelgen mode: deterministic

69 mopl the Insei (level 4, -2/25 HPs)
             Began as a Kobold Transmuter on Dec 20, 2019.
             Slain by Grinder (6 damage)
             ... on level 3 of the Dungeon.
             The game lasted 00:03:26 (2560 turns).

mopl the Insei (Kobold Transmuter)                  Turns: 2560, Time: 00:03:28

Health: -2/25      AC:  2    Str: 12    XL:     4   Next: 42%
Magic:  5/8        EV: 20    Int: 14    God:
Gold:   100        SH:  0    Dex: 20    Spells: 3/9 levels left

rFire    . . .     SeeInvis .     - Unarmed
rCold    . . .     Gourm    .   (shield currently unavailable)
rNeg     . . .     Faith    .   (armour currently unavailable)
rPois    x         Spirit   .   (helmet currently unavailable)
rElec    .         Reflect  .   (cloak currently unavailable)
rCorr    .         Harm     .   (gloves currently unavailable)
MR       .....                  (boots currently unavailable)
Stlth    ++........             (no amulet)
HPRegen  0.08/turn              k - +4 ring of strength
MPRegen  0.11/turn              (no ring)

@: spider-form (expiring)
A: tiny, carnivore
a: End Transformation


You were on level 3 of the Dungeon.
You were completely stuffed.
You were a venomous arachnid creature.
You visited 1 branch of the dungeon, and saw 3 of its levels.

You collected 100 gold pieces.

Inventory:

Hand Weapons
 b - a +0 hunting sling (melded)
Missiles
 a - 11 arrows
 i - 4 stones (quivered)
 m - a throwing net
 q - 7 atropa-tipped darts
Armour
 r - a +0 robe (melded)
Jewellery
 k - a +4 ring of strength (left front leg)
Scrolls
 f - 3 scrolls of remove curse {unknown}
 g - a scroll of magic mapping {unknown}
 h - a scroll of teleportation {unknown}
 l - a scroll of blinking {unknown}
 n - a scroll of enchant weapon {unknown}
 s - 2 scrolls of identify {unknown}
 u - a scroll of enchant armour {unknown}
Potions
 c - a potion of agility
 e - 2 potions of haste {unknown}
 j - a potion of invisibility {unknown}
 o - a potion of mutation {unknown}
 p - a potion of magic {unknown}
Comestibles
 d - 5 rations


   Skills:
 - Level 1.1 Fighting
 - Level 2.4 Dodging
 + Level 3.7 Unarmed Combat
 + Level 3.0 Spellcasting
 + Level 2.9 Transmutations
 + Level 0.6 Poison Magic


You had 3 spell levels left.
You knew the following spells:

 Your Spells              Type           Power        Failure   Level  Hunger
a - Beastly Appendage     Tmut           ##....       17%         1    #......
b - Spider Form           Tmut/Pois      #.........   52%         3    ###....
w - Sticks to Snakes      Tmut           ##......     24%         2    ##.....

Your spell library contained the following spells:

 Spells                   Type           Power        Failure   Level  Hunger
 Ice Form                 Ice/Tmut       #.......     89%         4    #####..
 Blade Hands              Tmut           ##........   96%         5    ######.


Dungeon Overview and Level Annotations

Branches:
Dungeon (3/15)

Altars:
Ashenzari
Makhleb
Vehumet

Annotations:
D:3 Grinder


Innate Abilities, Weirdness & Mutations

You are small and have problems with some larger weapons.
You are carnivorous and can eat meat at any time.


Message History

Grinder closely misses you.
You hit Grinder.
Grinder is heavily wounded.
Grinder gestures at you. Pain shoots through your body!
You hit Grinder.
Grinder is poisoned.
Grinder is heavily wounded.
A goblin comes into view. It is wielding a +0 club.
Grinder gestures at you. Pain shoots through your body!
* * * LOW HITPOINT WARNING * * *
You are too injured to fight recklessly!
The goblin shouts!
You hit Grinder.
Grinder is severely wounded.
Your transformation is almost over.
Grinder hits you.
* * * LOW HITPOINT WARNING * * *
You writhe in agony.
You die...

...####(.
......>g###
..........#
.......(..#
#........#
##...(....#
#.........#
(.....5s..#
(.###.#...#
# #.#.#
#.#.# #.#..
#<#### ###


You could see Grinder and a goblin.

Vanquished Creatures
  An adder (D:2)
  An ooze (D:1)
  3 worms (D:2)
  3 bats
  7 goblins
  5 hobgoblins
  5 jackals
  2 kobolds (D:1)
  3 frilled lizards
  7 rats
37 creatures vanquished.

Vanquished Creatures (collateral kills)
  An adder (D:2)
1 creature vanquished.

Grand Total: 38 creatures vanquished

Notes
Turn   | Place    | Note
-------+----------+-------------------------------------------
     0 | D:1      | mopl the Kobold Transmuter began the quest for the Orb.
     0 | D:1      | Reached XP level 1. HP: 12/12 MP: 3/3
   346 | D:1      | Reached XP level 2. HP: 7/16 MP: 3/5
   364 | D:1      | Learned a level 2 spell: Sticks to Snakes
   965 | D:1      | Reached XP level 3. HP: 19/20 MP: 4/6
  1461 | D:2      | Found a burning altar of Makhleb.
  1537 | D:2      | Found a radiant altar of Vehumet.
  1886 | D:2      | Found a shattered altar of Ashenzari.
  1988 | D:2      | Learned a level 3 spell: Spider Form
  2005 | D:2      | Reached XP level 4. HP: 14/25 MP: 5/8
  2278 | D:2      | Reached skill level 3 in Spellcasting
  2546 | D:3      | Noticed Grinder
  2560 | D:3      | Slain by Grinder

Levels and vault maps discovered:
D:1:      beargit_arrival_greenhouse, layout_basic, minivault_25,
          minmay_tromino_v4_b
D:2:      layout_basic, bloody_makhleb, lemuel_doored_altar,
          nicolae_ashenzari_panopticon, first_ration
D:3:      layout_basic, nicolae_ru_awakened_eye, uniq_grinder

Skill      XL: |  1  2  3  4 |
---------------+-------------+-----
Spellcasting   | 3 |  3.0
Fighting       | |  1.1
Dodging        | |  2.4
Unarmed Combat | |  3.7
Transmutations | |  2.9
Poison Magic   | |  0.6

Action                   |  1- 3 |  4- 6 || total
-------------------------+-------+-------++-------
Melee: Unarmed           |   112 |    21 ||   133
       Headbutt          |    11 |       ||    11
       Kick              |     3 |       ||     3
 Fire: Hunting sling     |       |    22 ||    22
 Cast: Beastly Appendage |    18 |       ||    18
       Spider Form       |     1 |     3 ||     4
       Sticks to Snakes  |     1 |       ||     1
 Stab: Sleeping          |     1 |       ||     1
  Eat: Chunk             |    12 |     2 ||    14
Armor: Robe              |    16 |     2 ||    18
       Skin              |       |     2 ||     2
Dodge: Dodged            |    78 |    20 ||    98

Table legend:
 A = Non-vault XP
 B = Vault XP
 C = Vault XP percentage of total XP
 D = Non-vault monster count
 E = Vault monster count
 F = Vault count percentage of total count
                 A         B        C        D         E       F
            +---------+---------+-------+---------+---------+-------
      Total |      99 |       0 |   0.0 |      38 |       0 |   0.0
            +---------+---------+-------+---------+---------+-------
        D:1 |      40 |       0 |   0.0 |      22 |       0 |   0.0
        D:2 |      59 |       0 |   0.0 |      16 |       0 |   0.0
            +---------+---------+-------+---------+---------+-------
